 Dungeon Crawl Stone Soup version 0.30.1-4-g462c640d31 (webtiles) character file.

Game seed: 15782507731098031709

25232 Babbit the Severer (level 12, -3/112 HPs)
             Began as a Minotaur Fighter on Sept 8, 2023.
             Was a High Priest of Okawaru.
             Killed from afar by a manticore (19 damage)
             ... with a volley of spikes
             ... summoned by Kirke
             ... on level 2 of the Lair of Beasts.
             The game lasted 01:19:01 (14745 turns).

Babbit the Severer (Minotaur Fighter)              Turns: 14745, Time: 01:19:02

Health: -3/112     AC: 23    Str: 27    XL:     12   Next: 87%
Magic:  11/11      EV:  9    Int:  5    God:    Okawaru [*****.]
Gold:   733        SH:  7    Dex: 15    Spells: 11/11 levels left

rFire   . . .        b - +4 hand axe (flame)
rCold   . . .        c - +0 buckler
rNeg    . . .        k - +0 plate armour
rPois   .            (helmet restricted)
rElec   .            F - +0 cloak
rCorr   +            h - +1 pair of gloves
SInv    .            l - +1 pair of boots
Will    .....        (no amulet) Stlth
                     g - +6 ring of dexterity
HPRegen 0.38/turn    f - ring of resist corrosion
MPRegen 0.12/turn

%: no passive effects
@: mighty, spiked
A: horns 2, retaliatory headbutt
a: Renounce Religion, Heroism, Finesse, Duel


You were on level 2 of the Lair of Beasts.
You worshipped Okawaru.
Okawaru was extremely pleased with you.
You visited 3 branches of the dungeon, and saw 16 of its levels.

You collected 828 gold pieces.
You spent 95 gold pieces at shops.

Inventory:

Hand Weapons
 b - a +4 hand axe of flaming (weapon)
 n - the +0 broad axe "Jicuy" {venom, rElec Int+5}
   (You found it on level 10 of the Dungeon)

   Int:       It affects your intelligence (+5).
   rElec:     It insulates you from electricity.
 B - the +7 scimitar "Orb Guardian's Bane" {pain, rElec rCorr}
   (Okawaru gifted it to you on level 1 of the Lair of Beasts)

   rElec:     It insulates you from electricity.
   rCorr:     It protects you from acid and corrosion.
Missiles
 j - 7 javelins (quivered)
Armour
 c - a +0 buckler (worn)
 h - a +1 pair of gloves (worn)
 k - a +0 plate armour (worn)
 l - a +1 pair of boots (worn)
 F - a +0 cloak (worn)
 M - a +1 chain mail of poison resistance
Jewellery
 a - a ring of ice
 f - a ring of resist corrosion (right hand)
 g - a +6 ring of dexterity (left hand)
 x - a +4 ring of protection
 H - a ring of positive energy
 K - the amulet of Plog {RegenMP Harm Fragile +Inv rElec}
   (You found it on level 2 of the Dungeon)

   [amulet of magic regeneration]

   It increases your rate of magic regeneration.
   rElec:     It insulates you from electricity.
   +Inv:      It lets you turn invisible.
   Fragile:   It will be destroyed if unequipped.
   Harm:      It increases damage dealt and taken.
Wands
 r - a wand of roots (9)
 v - a wand of flame (39)
 D - a wand of paralysis (32)
 J - a wand of digging (3)
Scrolls
 m - a scroll of acquirement {unknown}
 q - 2 scrolls of poison
 u - 6 scrolls of teleportation
 w - 3 scrolls of silence
 y - 4 scrolls of fog
 A - 2 scrolls of fear
 C - a scroll of magic mapping {unknown}
 E - a scroll of blinking {unknown}
Potions
 d - a potion of might
 e - a potion of flight
 i - 4 potions of haste
 p - 2 potions of lignification
 s - 4 potions of invisibility
 t - a potion of cancellation
 z - a potion of magic
 G - a potion of resistance
 I - 2 potions of curing
 N - a potion of berserk rage
 O - a potion of brilliance
Miscellaneous
 L - a condenser vane (inert)


   Skills:
 + Level 11.8 Fighting
 + Level 15.5 Axes
 + Level 1.0 Throwing
 + Level 14.5 Armour
 + Level 3.7 Dodging
 + Level 1.7 Stealth
 + Level 10.4 Shields
 + Level 1.3 Invocations


You had 11 spell levels left.
You didn't know any spells.
Your spell library contained the following spells:

 Spells                   Type           Power      Damage    Failure   Level
 Apportation              Tloc           0%         N/A       99%         1
 Freeze                   Ice            0%         1d3       99%         1
 Sandblast                Erth           0%         2d4       99%         1
 Shock                    Conj/Air       0%         1d3       99%         1
 Passwall                 Tmut/Erth      0%         N/A       99%         2
 Frozen Ramparts          Ice            0%         1d1       100%        3
 Hailstorm                Conj/Ice       0%         3d3       100%        3
 Portal Projectile        Hex/Tloc       0%         N/A       100%        3
 Stone Arrow              Conj/Erth      0%         3d7       100%        3
 Swiftness                Air            0%         N/A       100%        3
 Airstrike                Air            0%         2d(0-16)  100%        4
 Leda's Liquefaction      Hex/Erth       0%         N/A       100%        4
 Olgreb's Toxic Radiance  Pois           0%         N/A       100%        4
 Passage of Golubria      Tloc           0%         N/A       100%        4
 Alistair's Intoxication  Tmut/Pois      0%         N/A       100%        5
 Blade Hands              Tmut           0%         N/A       100%        5
 Yara's Violent Unravell  Hex/Tmut       0%         3d3       100%        5
 Iron Shot                Conj/Erth      0%         9d1       100%        6
 Discord                  Hex            0%         N/A       100%        8
 Ignition                 Fire           0%         3d3       100%        8
 Call Canine Familiar     Summ           Unusable   N/A       N/A         3
 Tukima's Dance           Hex            Unusable   N/A       N/A         3
 Animate Armour           Summ/Erth      Unusable   N/A       N/A         4

Dungeon Overview and Level Annotations

Branches:
Dungeon (11/15)            Temple (1/1) D:5            Lair (4/5) D:10
  Slime (0/5) Lair:4          Orc (0/2) D:11
  Swamp: Lair:2-3    Shoals: Lair:2-3     Snake: Lair:2-3    Spider: Lair:2-3

Altars:
Ashenzari
Cheibriados
Dithmenos
Elyvilon
Fedhas
Gozag
Hepliaklqana
Kikubaaqudgha
Makhleb
Nemelex Xobeh
Okawaru
Qazlal
Ru
Sif Muna
Trog
Uskayaw
Vehumet
Wu Jian
Xom
Yredelemnul
Zin
The Shining One
Jiyva

Shops:
D:4 (   D:6 *   D:8 *

Annotations:
D:5 3 runed translucent doors, LynnLen's ghost, novice SpEn
Lair:1 exclusion: oklob plant
Lair:2 Kirke
Lair:4 2 transporters, turdburglar's ghost, journeyman KoEn


Innate Abilities, Weirdness & Mutations

You have a pair of horns on your head.
You reflexively headbutt those who attack you in melee.


Message History

Okawaru accepts your kill.
You closely miss Kirke. You headbutt Kirke!
Kirke is heavily wounded.
Kirke points at you and mumbles some strange words.
You turn into a filthy swine.
Your +4 hand axe of flaming melds into your body.
Your +0 cloak melds into your body.
Your +1 pair of gloves melds into your body.
Your +1 pair of boots melds into your body.
Your +0 buckler melds into your body.
Your +0 plate armour melds into your body.
Your +6 ring of dexterity melds into your body.
Your ring of resist corrosion melds into your body.
Your +4 hand axe of flaming stops flaming.
You feel clumsy.
Your magical effects are unravelling.
You feel magically purged.
You feel less porcine.
Your +4 hand axe of flaming unmelds from your body.
Your +0 cloak unmelds from your body.
Your +1 pair of gloves unmelds from your body.
Your +1 pair of boots unmelds from your body.
Your +0 buckler unmelds from your body.
Your +0 plate armour unmelds from your body.
Your +6 ring of dexterity unmelds from your body.
Your ring of resist corrosion unmelds from your body.
Your +4 hand axe of flaming bursts into flame!
You feel agile.
Kirke shouts, "You pig!
I'll make you look the way you deserve."
Kirke gestures wildly while chanting.
Kirke summons a manticore!
Okay, then.
You feel very mighty all of a sudden.
Kirke says, "Odis was a nice man, you're awful."
Kirke mumbles some strange words.
Kirke summons a lindwurm!
The manticore flicks its tail.
The volley of spikes hits you!!
The barbed spikes become lodged in your body.
You die...

............................#
......##.#..##.....##.####..#
#.....#....####...#.#.#.##..#
##.....#..........###+.###..#
#P.....#..........+......+..#
##....#......#....#.#...##..##
.#...........#....###..###...#
.#.....#.>...H.@.k# #+#.##..##
......##......#†@.###..###..##
.P....#......##....##..###...#
#P....#########.............##
........#.#####.............#
............................##
.............................##
............................#.#
.....##.####)#...P.#.##.#.#.###
.<...#######.#.....#.#.####...#


You could see Kirke, a manticore (summoned) and a lindwurm (summoned).

Vanquished Creatures
  A catoblepas (Lair:4)
  2 hydras
  3 two-headed ogres
  A boulder beetle (D:11)
  A cyclops (D:11)
  A will-o-the-wisp (Lair:3)
  10 cane toads
  A torpor snail (Lair:2)
  5 unseen horrors
  Maggie (D:8)
  6 komodo dragons
  2 trolls
  2 polar bears
  27 yaks
  A shadow (D:8)
  A wyvern (Lair:3)
  3 hogs
  4 steam dragons
  Grum (D:9)
  Edmund (D:5)
  An acid dragon (D:10)
  10 water moccasins
  5 ice beasts
  2 orc warriors
  2 black bears
  2 ogres
  24 wolves
  3 centaurs
  A phantom (D:5)
  A kobold brigand (D:8)
  15 bullfrogs
  A gnoll sergeant (D:9)
  5 wights
  11 killer bees (D:8)
  A troll skeleton (D:10)
  6 spriggan skeletons (D:10)
  3 howler monkeys
  An electric eel (Lair:3)
  6 orc priests
  3 hounds
  6 jellies
  3 gnoll boudas
  3 iguanas (D:5)
  2 sleepcaps
  Jessica (D:2)
  Ijyb (D:4)
  12 orc wizards
  8 gnolls
  8 adders
  A shadow imp (D:5)
  3 white imps
  An ufetubus (D:5)
  2 worms (D:3)
  3 dart slugs
  25 orcs
  7 ball pythons
  5 endoplasms
  4 giant cockroaches
  10 goblins
  9 hobgoblins
  5 kobolds
  4 quokkas
  6 bats
  3 frilled lizards
  8 rats
317 creatures vanquished.

Vanquished Creatures (others)
  2 foxfires (Lair:3)
2 creatures vanquished.

Grand Total: 319 creatures vanquished

Notes
Turn   | Place    | Note
-------+----------+-------------------------------------------
     0 | D:1      | Babbit the Minotaur Fighter began the quest for the Orb.
     0 | D:1      | Reached XP level 1. HP: 19/19 MP: 0/0
   122 | D:1      | Reached XP level 2. HP: 26/27 MP: 1/1
   784 | D:2      | Reached XP level 3. HP: 33/33 MP: 2/2
   884 | D:2      | Reached skill level 3 in Axes
   885 | D:2      | Identified the amulet of Plog {RegenMP Harm Fragile +Inv
                  | rElec}
   926 | D:2      | Noticed Jessica
   931 | D:2      | Killed Jessica
   934 | D:2      | Reached XP level 4. HP: 31/40 MP: 3/3
  1545 | D:3      | You fall into a shaft and drop 3 floors!
  1692 | D:6      | Noticed a water moccasin
  1699 | D:6      | Killed a water moccasin
  1700 | D:6      | Reached skill level 4 in Axes
  1700 | D:6      | Reached skill level 5 in Armour
  1700 | D:6      | Reached skill level 1 in Dodging
  1700 | D:6      | Reached XP level 5. HP: 47/47 MP: 4/4
  2202 | D:5      | Entered Level 5 of the Dungeon
  2241 | D:4      | Reached XP level 6. HP: 53/53 MP: 5/5
  2390 | D:3      | Reached skill level 5 in Axes
  2721 | D:4      | Noticed Ijyb
  2731 | D:4      | Paralysed by Ijyb for 2 turns
  2733 | D:4      | Killed Ijyb
  2785 | D:4      | Found Bedio's Antique Weapon Emporium.
  3845 | D:5      | Reached XP level 7. HP: 60/60 MP: 6/6
  3936 | D:5      | Reached skill level 5 in Fighting
  3936 | D:5      | Reached skill level 6 in Axes
  3936 | D:5      | Reached skill level 5 in Shields
  4022 | D:5      | Found a runed translucent gate.
  4022 | D:5      | Found a runed translucent gate.
  4024 | D:5      | Found a runed translucent gate.
  4026 | D:5      | Noticed LynnLen's ghost (novice SpEn)
  4026 | D:5      | Noticed a kobold demonologist
  4253 | D:5      | Reached skill level 7 in Axes
  4469 | D:5      | Noticed Edmund
  4480 | D:5      | Killed Edmund
  4481 | D:5      | Reached skill level 1 in Stealth
  4481 | D:5      | Reached XP level 8. HP: 46/68 MP: 7/7
  4622 | D:5      | Found a staircase to the Ecumenical Temple.
  4628 | Temple   | Entered the Ecumenical Temple
  4723 | Temple   | Became a worshipper of Warmaster Okawaru
  5048 | D:6      | Found Rideidd's Assorted Antiques.
  5054 | D:6      | Bought a bone ring for 95 gold pieces
  5435 | D:6      | Found a radiant altar of Vehumet.
  5435 | D:6      | Found a sacrificial altar of Ru.
  5755 | D:7      | Reached skill level 8 in Axes
  5931 | D:7      | Reached * piety under Okawaru
  6072 | D:7      | Reached skill level 9 in Axes
  6267 | D:7      | Reached XP level 9. HP: 75/75 MP: 8/8
  6872 | D:8      | Noticed a two-headed ogre
  6885 | D:8      | Killed a two-headed ogre
  6885 | D:8      | Reached ** piety under Okawaru
  6886 | D:8      | Reached skill level 10 in Axes
  7120 | D:8      | Found a burning altar of Makhleb.
  7124 | D:8      | Noticed Maggie
  7132 | D:8      | HP: 1/78 [Maggie/+2 scimitar of venom (6)]
  7145 | D:8      | Killed Maggie
  7145 | D:8      | Reached *** piety under Okawaru
  7410 | D:8      | Reached skill level 11 in Axes
  7435 | D:8      | Killed an unseen horror
  7438 | D:8      | Reached XP level 10. HP: 56/86 MP: 9/9
  7551 | D:8      | Noticed a two-headed ogre
  7565 | D:8      | Killed a two-headed ogre
  7565 | D:8      | Reached **** piety under Okawaru
  7566 | D:8      | Reached skill level 10 in Armour
  7788 | D:8      | Reached skill level 12 in Axes
  8105 | D:8      | Found Hecros's CLEARANCE SALE!.
  8261 | D:8      | Found a stormy altar of Qazlal.
  8400 | D:8      | Found a glowing silver altar of Zin.
  8785 | D:10     | Entered Level 10 of the Dungeon
  8905 | D:9      | Noticed Grum
  8920 | D:9      | Killed Grum
  9724 | D:10     | Identified the +0 broad axe "Jicuy" {venom, rElec Int+5}
  9788 | D:10     | Reached XP level 11. HP: 80/97 MP: 10/10
  9935 | D:10     | Found a staircase to the Lair.
  9982 | D:10     | Reached ***** piety under Okawaru
  9983 | D:10     | Reached skill level 13 in Axes
 10073 | D:10     | Noticed a two-headed ogre
 10083 | D:10     | Killed a two-headed ogre
 10340 | D:11     | Noticed a boulder beetle
 10361 | D:11     | Killed a boulder beetle
 10602 | D:11     | Found a staircase to the Orcish Mines.
 11525 | Lair:1   | Entered Level 1 of the Lair of Beasts
 11869 | Lair:1   | Reached skill level 1 in Invocations
 11972 | Lair:1   | Identified the +7 scimitar "Orb Guardian's Bane" {pain,
                  | rElec rCorr} (Okawaru gifted it to you on level 1 of the
                  | Lair of Beasts)
 11972 | Lair:1   | Received a gift from Okawaru
 12044 | Lair:1   | Reached skill level 10 in Fighting
 12057 | Lair:1   | Reached skill level 14 in Axes
 12472 | Lair:1   | Reached XP level 12. HP: 94/106 MP: 11/11
 12679 | Lair:1   | Found a burning altar of Makhleb.
 13063 | Lair:2   | You fall into a shaft and drop 2 floors!
 13063 | Lair:4   | Noticed an eight-headed hydra
 13067 | Lair:4   | Killed a five-headed hydra
 13090 | Lair:4   | Found a runed translucent door.
 13091 | Lair:4   | Found a viscous altar of Jiyva.
 13108 | Lair:4   | Found a staircase to the Slime Pits.
 13407 | Lair:4   | Noticed a catoblepas
 13416 | Lair:4   | Killed a catoblepas
 13417 | Lair:4   | Reached skill level 10 in Shields
 13427 | Lair:4   | Found a transporter.
 13428 | Lair:4   | Noticed turdburglar's ghost (journeyman KoEn)
 13431 | Lair:4   | Found a transporter.
 13485 | Lair:4   | Reached ****** piety under Okawaru
 13492 | Lair:3   | Received a gift from Okawaru
 13499 | Lair:3   | Noticed a four-headed hydra
 13510 | Lair:3   | Killed a one-headed hydra
 13551 | Lair:2   | Reached skill level 1 in Throwing
 13661 | Lair:2   | Reached skill level 15 in Axes
 14166 | Lair:2   | Received a gift from Okawaru
 14629 | Lair:3   | Noticed Kirke
 14745 | Lair:2   | Killed from afar by a manticore

Illustrated notes

Levels and vault maps discovered:
D:1:      tarquinn_simple_flora_water_a, layout_loops_ring
D:2:      layout_loops_cross, uniq_jessica
D:3:      layout_loops_ring
D:4:      kennysheep_the_goblin_king, layout_layer_cave, serial_shops, shop
D:5:      layout_basic, minmay_temple_entry_hall, gammafunk_ghost_split,
          kennysheep_generic_room_16, uniq_edmund
D:6:      layout_layer_cave, gammafunk_temple_overflow_wave, serial_shops,
          nicolae_shop_tiny_statue_garden
D:7:      layout_gridville
D:8:      minmay_imperfect_grid, layout_loops_ring,
          mainiacjoe_overflow_boulevard, grunt_qazlal_sundering,
          lemuel_coloured_pillars_altar, nicolae_shop_clearance, uniq_maggie
D:9:      layout_roguey, uniq_grum
D:10:     minmay_weird_star, layout_rooms, hangedman_tell_no_tales
D:11:     layout_roguey, minmay_orc_entry_temple_small
Temple:   minmay_temple_bridge_d
Lair:1:   layout_concentric_octagons, lemuel_oklob_altar
Lair:2:   layout_regular_city, grunt_megastairs_1
Lair:3:   layout_gridlike, minmay_swamp_entry_wisps,
          guppyfry_snake_entry_garden, nicolae_quartered_pool_little,
          uniq_rupert, uniq_kirke
Lair:4:   layout_big_grid, slime_entry_2, gammafunk_ghost_hive,
          lemuel_fruit_fields, serial_bayou_shore_b, lemuel_fruit_fields

Skill      XL: |  1  2  3  4  5  6  7  8  9 10 11 12 |
---------------+-------------------------------------+-----
Shields        | 4 5 6 7 9 10 | 10.4
Fighting       | 4 5 7 9 10 11 | 11.8
Armour         | 4 5 6 8 9 11 13 14 | 14.5
Axes           | 3 4 5 7 9 11 12 14 15 | 15.5
Dodging        | 1 2 3 |  3.7
Stealth        | 1 |  1.7
Invocations    | 1 |  1.3
Throwing       | 1 |  1.0

Action                     |  1- 3 |  4- 6 |  7- 9 | 10-12 || total
---------------------------+-------+-------+-------+-------++-------
  Melee: War axe           |    61 |   114 |     8 |       ||   183
         Headbutt          |     5 |    18 |    52 |   197 ||   272
         Hand axe          |       |       |   238 |   710 ||   948
         Unarmed           |       |       |       |     7 ||     7
         Broad axe         |       |       |       |     2 ||     2
  Throw: Javelin           |       |     4 |       |     4 ||     8
 Invoke: Heroism           |       |       |       |    10 ||    10
  Evoke: Condenser vane    |       |       |       |     1 ||     1
    Use: Scroll            |       |    12 |     5 |    11 ||    28
         Potion            |       |       |     5 |     9 ||    14
 Armour: Scale mail        |    38 |    67 |    19 |       ||   124
         Plate armour      |       |       |   121 |   308 ||   429
  Dodge: Dodged            |    33 |    51 |    86 |   209 ||   379
  Block: Buckler           |    16 |    26 |    49 |   156 ||   247
